 Dungeon Crawl Stone Soup version 0.32-a0-630-g46d191b0ed (webtiles) character file.

Game seed: 11653526972316758667

33476 hikkokomori the Prestidigitator (level 13, -9/103 HPs)
             Began as a Coglin Artificer on Mar 7, 2024.
             Was an Initiate of Gozag.
             Mangled by a hellwing (10 damage)
             ... summoned by an orc high priest
             ... on level 2 of the Orcish Mines.
             The game lasted 01:01:42 (18945 turns).

hikkokomori the Prestidigitator (Coglin Artificer) Turns: 18945, Time: 01:01:43

Health: -9/103     AC: 14    Str: 14    XL:     13   Next: 71%
Magic:  0/22       EV: 11    Int: 13    God:    Gozag
Gold:   1256       SH:  0    Dex: 16    Spells: 17/24 levels left

rFire   . . .        q - +1 short sword (elec) {Yejun}
rCold   . . .        A - +2 long sword (drain) {Zuebus}
rNeg    . . .        w - +2 ring mail {rPois}
rPois   +            I - +2 hat
rElec   .            r - +0 cloak
rCorr   .            y - +0 pair of gloves
SInv    .            V - +1 pair of boots {Stlth+}
Will    .....        (amulet unavailable)
Stlth   +++          (ring unavailable)
HPRegen 0.37/turn    (ring unavailable)
MPRegen 0.18/turn    (no gizmo)

%: no passive effects
@: fugue, gold aura, very slightly contaminated, revving
A: off-hand wielding, slow wielding, warmup strikes, no jewellery
a: Invent Gizmo, Renounce Religion, Potion Petition, Call Merchant, Bribe Branch


You were on level 2 of the Orcish Mines.
You worshipped Gozag.
Gozag was most pleased with you.
You visited 4 branches of the dungeon, and saw 16 of its levels.
You also visited: Sewer and Bailey.

You collected 3496 gold pieces.
You spent 1476 gold pieces at shops.
You paid 764 gold pieces to Gozag.

Inventory:

Hand Weapons
 c - a +1 war axe of electrocution
 e - a +3 quick blade of protection
 q - a +1 short sword of electrocution (weapon) {Yejun}
 A - a +2 long sword of draining (offhand) {Zuebus}
 T - a +1 flail of protection
Missiles
 m - 13 poisoned darts
 G - 8 datura-tipped darts
 K - 15 boomerangs
 U - 2 throwing nets
Armour
 b - a +0 leather armour
 j - a +0 ring mail
 r - a +0 cloak (worn)
 w - a +2 ring mail of poison resistance (worn)
 y - a +0 pair of gloves (worn)
 D - a +0 plate armour
 I - a +2 hat (worn)
 V - a +1 pair of boots of stealth (worn)
 W - a +0 helmet
Wands
 d - a wand of charming (1)
 f - a wand of polymorph (12)
 t - a wand of digging (7)
 H - a wand of paralysis (1)
 M - a wand of warping (1)
Scrolls
 a - 2 scrolls of fear {unknown}
 h - 2 scrolls of noise
 k - a scroll of poison {unknown}
 l - a scroll of amnesia {unknown}
 p - 2 scrolls of fog {unknown}
 x - 2 scrolls of teleportation
 F - 3 scrolls of immolation
 P - a scroll of enchant weapon {unknown}
 S - a scroll of revelation
 X - 3 scrolls of vulnerability
 Z - a scroll of torment {unknown}
Potions
 g - 3 potions of ambrosia
 i - 5 potions of mutation
 n - a potion of experience {unknown}
 o - 3 potions of brilliance {unknown}
 s - 4 potions of heal wounds
 u - a potion of resistance
 v - 3 potions of degeneration
 z - 2 potions of enlightenment {unknown}
 B - 4 potions of haste
 C - a potion of curing {unknown}
 J - 2 potions of lignification
 L - 6 potions of might
 N - 2 potions of magic {unknown}
 O - 3 potions of invisibility
 Q - a potion of cancellation {unknown}
 Y - a potion of attraction {unknown}


   Skills:
 - Level 10.0 Fighting
 + Level 8.4(9.3) Short Blades
 - Level 6.6(8.9) Long Blades
 - Level 3.0 Maces & Flails
 - Level 2.0 Polearms
 - Level 4.0 Armour
 + Level 2.3 Dodging
 - Level 4.0 Stealth
 + Level 6.3 Spellcasting
 - Level 5.0 Necromancy
 - Level 10.0 Alchemy
 - Level 13.0 Evocations


You had 17 spell levels left.
You knew the following spells:

 Your Spells              Type           Power      Damage    Failure   Level
a - Olgreb's Toxic Radia  Alch           30%        N/A       4%          4
b - Fugue of the Fallen   Necr           17%        N/A       12%         3

Your spell library contained the following spells:

 Spells                   Type           Power      Damage    Failure   Level
 Sting                    Conj/Alch      68%        1d7       4%          1
 Mercury Vapours          Alch/Air       34%        N/A       6%          2
 Foxfire                  Conj/Fire      16%        2x1d4     30%         1
 Ensorcelled Hibernation  Hex/Ice        8%         N/A       43%         2
 Lesser Beckoning         Tloc           8%         N/A       43%         2
 Gell's Gravitas          Tloc           4%         N/A       67%         3
 Teleport Other           Tloc           4%         N/A       67%         3
 Anguish                  Hex/Necr       5%         N/A       73%         4
 Cause Fear               Hex            2%         N/A       97%         4
 Plasma Beam              Fire/Air       2%         2x1d12    100%        6
 Starburst                Conj/Fire      2%         6d3       100%        6
 Enfeeble                 Hex            2%         N/A       100%        7


Dungeon Overview and Level Annotations

Branches:
Dungeon (11/15)            Temple (1/1) D:6            Lair (2/5) D:11
  Swamp (0/4) Lair:2          Orc (2/2) D:11          Sewer (visited)
 Bailey (visited)
  Snake: Lair:2-3    Spider: Lair:2-3       Elf: Orc:2

Altars:
Ashenzari
Cheibriados
Dithmenos
Elyvilon
Fedhas
Gozag
Hepliaklqana
Kikubaaqudgha
Makhleb
Nemelex Xobeh
Okawaru
Qazlal
Ru
Sif Muna
Trog
Uskayaw
Vehumet
Wu Jian
Xom
Yredelemnul
Zin
The Shining One
Beogh

Shops:
D:1 *   D:6 *   D:9 [   Orc:2 ?


Innate Abilities, Weirdness & Mutations

You can wield a second weapon in your off-hand.
It takes a long time for you to wield or remove held weapons.
Your first few attacks do less damage.
You cannot equip rings or amulets.


Message History

You kill the orc warrior!
You kill the orc!
The orc wizard gestures at you while chanting.
You easily resist.
The orc high priest hits you but does no damage.
The neqoxec gestures at you. Something gnaws heavily on your mind!
You feel your power leaking away.
You closely miss the orc high priest with your +2 long sword of draining.
The orc high priest is moderately wounded.
You hit the orc high priest with your +1 short sword of electrocution.
The sixfirhy hits you but does no damage. x2
The sixfirhy barely misses you.
The orc high priest invokes the aid of Beogh against you.
You resist with significant effort. The orc wizard casts a spell at you.
The magic dart hits you.
You slash the orc high priest with your +2 long sword of draining!
The orc high priest is heavily wounded.
You hit the orc high priest with your +1 short sword of electrocution.
Lightning courses through the orc high priest!
The sixfirhy hits you. The sixfirhy shocks you!
* * * LOW HITPOINT WARNING * * *
The sixfirhy barely misses you. The neqoxec closely misses you.
The hellwing hits you!
* * * LOW HITPOINT WARNING * * *
The hellwing barely misses you.
The sixfirhy hits you but does no damage.
You hit the orc high priest with your +1 short sword of electrocution.
The orc high priest is almost dead.
You hit the orc high priest with your +2 long sword of draining.
The sixfirhy is distracted by your dazzling golden aura.
The orc wizard casts a spell.
The orc wizard flickers and vanishes!
Deactivating autopickup; reactivate with Ctrl-A.
The orc high priest mumbles some strange prayers to Beogh against you.
Beogh smites you!
* * * LOW HITPOINT WARNING * * *
The hellwing hits you!
You die...
Your body crumbles into a pile of gold.

$...ß...ß...ß[####.'..#
_...$..)).)..)'[...#..#
....ß..)ß...ß.####.####
ß...##.)....).# #.....
...##...$.....# ####.#
. #......#...# ...#
#.....##.)## ...
##..34.#...# ..
#..o@3##..)#
#..$..#....#
#..$..##)..##
.......##....#
......###..)## ..$..#
#.))## {...# ##$).##
...# ##.....##
##....)..##


You could see an orc high priest (very poisoned), a hellwing (summoned), a
sixfirhy (summoned, unaware, very poisoned) and a neqoxec (summoned).

Vanquished Creatures
  Gastronok (Orc:1)
  An orc warlord (Orc:2)
  Harold (D:9)
  Erolcha (D:11)
  A ghost crab (Lair:2)
  3 two-headed ogres
  5 death yaks
  2 orc high priests (Orc:2)
  A spectral hydra (Lair:2)
  An orc knight (Bailey)
  An orc sorcerer (Orc:2)
  An ugly thing (D:11)
  5 centaur zombies (D:11)
  7 kobold blastminers
  A black mamba (Lair:1)
  6 cane toads (Lair:1)
  A rime drake (Lair:1)
  2 komodo dragons
  3 trolls
  A meliai zombie (D:11)
  5 shadows
  3 wyverns
  5 wraiths
  17 yaks
  2 vampires (D:11)
  3 wargs (Orc:2)
  2 steam dragons
  An acid dragon (D:10)
  3 water moccasins
  A spectral polar bear (Lair:2)
  37 orc warriors
  4 ice beasts
  A sky beast (D:7)
  3 black bears
  10 ogres
  A crocodile (D:11)
  4 wolves (Lair:1)
  3 centaurs
  A kobold brigand (D:7)
  A phantom (D:7)
  10 bullfrogs
  2 scorpions
  7 wights
  A spectral wolf (Lair:2)
  4 howler monkeys (D:9)
  3 bombardier beetles
  A gnoll bouda (D:7)
  16 orc priests
  3 hounds
  2 jellies
  2 sleepcaps (D:5)
  12 orc wizards
  Natasha (thrice) (D:4)
  A boggart zombie (D:11)
  18 gnolls
  18 adders
  A shadow imp (D:5)
  4 white imps
  An ufetubus (D:7)
  A ribbon worm (D:2)
  6 dart slugs
  102 orcs
  14 endoplasms
  14 giant cockroaches
  4 goblins
  8 hobgoblins
  18 kobolds
  4 quokkas
  19 ball pythons
  2 bats (D:2)
  12 frilled lizards
  10 rats
475 creatures vanquished.

Vanquished Creatures (collateral kills)
  An ogre (Orc:1)
  A wolf (Lair:1)
  A gnoll sergeant (D:7)
  2 orcs
  A giant cockroach (D:4)
  A hobgoblin (D:4)
7 creatures vanquished.

Vanquished Creatures (others)
  Maggie (D:9)
  A warg (Orc:2)
  A wolf (Lair:1)
  2 orc priests
  2 orc wizards
  A gnoll (Bailey)
8 creatures vanquished.

Grand Total: 490 creatures vanquished

Notes
Turn   | Place    | Note
-------+----------+-------------------------------------------
     0 | D:1      | hikkokomori the Coglin Artificer began the quest for the
                  | Orb.
     0 | D:1      | Reached XP level 1. HP: 15/15 MP: 1/1
    47 | D:1      | Reached skill level 1 in Dodging
    80 | D:1      | Reached skill level 1 in Stealth
   161 | D:1      | Found Luider's Assorted Antiques.
   167 | D:1      | Reached XP level 2. HP: 21/21 MP: 2/2
   581 | D:2      | Found the +5 woodcutter's axe
   613 | D:2      | Reached XP level 3. HP: 27/27 MP: 3/3
   814 | D:2      | Reached XP level 4. HP: 29/33 MP: 4/4
  1004 | D:2      | Reached skill level 5 in Evocations
  1599 | D:4      | Reached skill level 1 in Short Blades
  1599 | D:4      | Reached XP level 5. HP: 39/39 MP: 5/5
  1601 | D:4      | Reached skill level 1 in Polearms
  1651 | D:4      | Found a white marble altar of Elyvilon.
  1660 | D:4      | Found a snail-covered altar of Cheibriados.
  1725 | D:4      | Found a sparkling altar of Nemelex Xobeh.
  1752 | D:4      | Noticed an ogre
  1755 | D:4      | Killed an ogre
  1756 | D:4      | Reached XP level 6. HP: 47/47 MP: 6/6
  1848 | D:4      | Noticed Natasha
  1857 | D:4      | Killed Natasha
  1923 | D:4      | Noticed an orc warrior
  1937 | D:4      | Killed an orc warrior
  1938 | D:4      | Reached skill level 6 in Evocations
  1998 | D:4      | Noticed Natasha
  2006 | D:4      | Killed Natasha
  2108 | D:4      | Noticed Natasha
  2116 | D:4      | Killed Natasha
  2117 | D:4      | Reached XP level 7. HP: 50/54 MP: 7/7
  2530 | D:5      | Entered Level 5 of the Dungeon
  2751 | D:5      | Reached skill level 7 in Evocations
  2841 | D:5      | Learned a level 4 spell: Olgreb's Toxic Radiance
  2850 | D:5      | Reached skill level 5 in Fighting
  2928 | D:5      | Reached skill level 1 in Alchemy
  3160 | D:5      | Reached skill level 1 in Spellcasting
  3160 | D:5      | Reached XP level 8. HP: 61/62 MP: 9/9
  3490 | D:5      | Reached skill level 1 in Maces & Flails
  3657 | D:5      | Reached skill level 8 in Evocations
  4109 | D:6      | Found a glowing drain.
  4132 | Sewer    | Entered a sewer
  4656 | D:6      | Found a staircase to the Ecumenical Temple.
  4673 | Temple   | Entered the Ecumenical Temple
  4721 | Temple   | Became a worshipper of Gozag Ym Sagoz the Greedy
  5265 | D:6      | Found Puemaudua's General Store.
  5273 | D:6      | Bought a scroll of identify for 20 gold pieces
  5273 | D:6      | Bought a potion of invisibility for 80 gold pieces
  5373 | D:6      | Reached XP level 9. HP: 52/69 MP: 12/12
  6028 | D:7      | Reached skill level 5 in Alchemy
  6731 | D:7      | Reached skill level 9 in Evocations
  6830 | D:7      | Reached skill level 10 in Evocations
  6851 | D:7      | HP: 3/69 [water moccasin (7)]
  7201 | D:7      | Reached XP level 10. HP: 73/77 MP: 15/15
  7690 | D:8      | Found a glowing golden altar of the Shining One.
  8770 | D:9      | Found a flagged portal.
  8808 | Bailey   | Entered a bailey
  9048 | Bailey   | Noticed an orc knight
  9055 | Bailey   | Killed an orc knight
  9434 | D:9      | Bought a +2 ring mail of poison resistance for 234 gold
                  | pieces
  9463 | D:9      | Noticed Maggie
  9473 | D:9      | Your ally Maggie died
  9700 | D:9      | Reached skill level 1 in Long Blades
  9853 | D:9      | Noticed Harold
  9873 | D:9      | Killed Harold
  9874 | D:9      | Reached skill level 11 in Evocations
 10106 | D:9      | Learned a level 3 spell: Fugue of the Fallen
 10133 | D:10     | Entered Level 10 of the Dungeon
 10230 | D:9      | Bought a +1 pair of boots of stealth for 214 gold pieces
 10300 | D:10     | Reached skill level 1 in Necromancy
 10302 | D:10     | Reached XP level 11. HP: 7/86 MP: 6/17
 10604 | D:10     | Noticed a two-headed ogre
 10615 | D:10     | Killed a two-headed ogre
 12074 | D:11     | Noticed Maurice
 12074 | D:11     | Maurice changed into Maurice the crocodile
 12074 | D:11     | Noticed Maurice
 12082 | D:11     | Killed Maurice the crocodile
 12171 | D:11     | Noticed a two-headed ogre
 12179 | D:11     | Killed a two-headed ogre
 12180 | D:11     | Reached skill level 5 in Long Blades
 12180 | D:11     | Reached skill level 5 in Spellcasting
 12614 | D:11     | Found a staircase to the Lair.
 12777 | D:11     | Noticed a two-headed ogre
 12786 | D:11     | Killed a two-headed ogre
 12787 | D:11     | Reached skill level 5 in Necromancy
 12787 | D:11     | Reached skill level 12 in Evocations
 12905 | D:11     | Noticed a green ugly thing
 12917 | Lair:1   | Entered Level 1 of the Lair of Beasts
 13098 | Lair:1   | Reached XP level 12. HP: 60/92 MP: 18/20
 14002 | Lair:2   | Noticed a death yak
 14003 | Lair:2   | Noticed a death yak
 14004 | Lair:2   | Noticed a death yak
 14004 | Lair:2   | Noticed a death yak
 14006 | Lair:2   | Noticed a death yak
 14030 | Lair:1   | Killed a death yak
 14065 | Lair:2   | Killed a death yak
 14247 | Lair:2   | Reached skill level 13 in Evocations
 14459 | Lair:2   | Noticed a ghost crab
 14465 | Lair:2   | Found a staircase to the Swamp.
 14470 | Lair:2   | Killed a ghost crab
 14689 | Lair:2   | Reached skill level 5 in Short Blades
 14990 | Lair:1   | Killed a death yak
 15003 | Lair:1   | Killed a death yak
 15297 | Lair:2   | Killed a death yak
 16027 | D:11     | Reached XP level 13. HP: 95/101 MP: 22/22
 16051 | D:11     | Noticed Erolcha
 16157 | D:11     | Found a staircase to the Orcish Mines.
 16170 | Orc:1    | Entered Level 1 of the Orcish Mines
 16535 | D:11     | Killed Erolcha
 16913 | Orc:1    | Noticed Gastronok
 16950 | Orc:1    | Killed Gastronok
 17392 | Orc:2    | Entered Level 2 of the Orcish Mines
 17819 | Orc:2    | Paralysed by an orc sorcerer for 4 turns
 18219 | Orc:2    | Reached skill level 10 in Alchemy
 18228 | Orc:2    | Reached skill level 10 in Fighting
 18407 | Orc:2    | Noticed an orc warlord
 18463 | Orc:2    | Killed an orc warlord
 18654 | Orc:2    | Found Ovuepi's Magic Scroll Shoppe.
 18885 | Orc:2    | Bought a scroll of identify for 32 gold pieces
 18885 | Orc:2    | Bought a scroll of identify for 32 gold pieces
 18885 | Orc:2    | Bought a scroll of acquirement for 832 gold pieces
 18885 | Orc:2    | Bought a scroll of identify for 32 gold pieces
 18888 | Orc:2    | Acquired a +3 quick blade of protection
 18926 | Orc:2    | Found a roughly hewn altar of Beogh.
 18945 | Orc:2    | HP: 1/103 [orc high priest/divine providence (17)]
 18945 | Orc:2    | Mangled by a hellwing

Illustrated notes

Levels and vault maps discovered:
D:1:      wander_arrival_desolate, layout_basic, serial_shops,
          nicolae_shop_overgrown_old_shop
D:2:      layout_basic, serial_aquarium, aquarium_bridge_straight
          [aquarium_subvault_bridge, aquarium_subvault_wall,
          aquarium_subvault_bridge, aquarium_subvault_wall],
          aquarium_window_fake, aquarium_window_fake, aquarium_window_1,
          aquarium_view_2e, aquarium_view_2a, aquarium_pool_four
D:3:      layout_basic
D:4:      layout_basic, nemelex_xobeh_ov_fountains_minmay,
          grunt_temple_overflow_open, minivault_4, corexii_checkpoint,
          uniq_natasha, uniq_sigmund
D:5:      minmay_spotlight, layout_basic, kennysheep_small_spiral
D:6:      black_bear_nest_1, layout_basic, minmay_temple_entry_trees,
          serial_shops, shop, portal_sewer_entry_f
D:7:      minmay_bubble_buster, layout_basic
D:8:      layout_basic, lemuel_crystal_altar
D:9:      layout_roguey, enter_bailey_6, uniq_maggie, uniq_harold
D:10:     layout_rooms
D:11:     layout_rooms, lair_entry_dummy, david_orc_4, serial_undead,
          serial_undead_c, serial_undead_e, serial_undead_c, serial_undead_d,
          serial_undead_f, serial_undead_b, uniq_erolcha, uniq_maurice
Temple:   compressed_dpeg_circular_temple
Lair:1:   minmay_lair_venomous_thicket, layout_hall_layers,
          chequers_serial_rivers_micro_d, chequers_serial_rivers_micro_a,
          chequers_serial_rivers_micro_c
Lair:2:   layout_chaotic_city, nicolae_swamp_entry_spooky,
          chequers_serial_rivers_large_b, grunt_megastairs_2
Orc:1:    layout_caves, uniq_gastronok
Orc:2:    pubby_orc_utopia

Skill      XL: |  1  2  3  4  5  6  7  8  9 10 11 12 13 |
---------------+----------------------------------------+-----
Dodging        | 1 2 |  2.3
Stealth        | 1 2 3 4 |  4.0
Armour         | 2 4 |  4.0
Fighting       | 2 3 4 5 6 8 9 10 | 10.0
Evocations     | 5 6 7 8 10 11 12 13 | 13.0
Short Blades   | 1 2 3 7 8 |  8.4
Polearms       | 1 2 |  2.0
Alchemy        | 1 4 6 8 9 10 | 10.0
Spellcasting   | 1 2 3 4 5 6 |  6.3
Maces & Flails | 2 3 |  3.0
Long Blades    | 3 5 6 |  6.6
Necromancy     | 1 5 |  5.0

Action                     |  1- 3 |  4- 6 |  7- 9 | 10-12 | 13-15 || total
---------------------------+-------+-------+-------+-------+-------++-------
  Melee: Dagger            |    48 |       |       |       |       ||    48
         Club              |    43 |       |       |       |       ||    43
         Whip              |     1 |       |   301 |   145 |       ||   447
         Battleaxe         |    15 |    10 |       |       |       ||    25
         Spear             |       |    86 |    63 |       |       ||   149
         Short sword       |       |    75 |   358 |   458 |   125 ||  1016
         Long sword        |       |       |       |   303 |   131 ||   434
  Throw: Dart              |       |       |       |     1 |       ||     1
         Boomerang         |       |       |       |     1 |       ||     1
   Cast: Olgreb's Toxic Ra |       |       |       |    27 |    43 ||    70
         Fugue of the Fall |       |       |       |     9 |    10 ||    19
 Invoke: Call Merchant     |       |       |       |     1 |       ||     1
  Evoke: Wand              |       |     5 |    16 |    49 |     5 ||    75
    Use: Scroll            |       |       |     6 |     5 |     4 ||    15
         Potion            |       |       |     2 |     2 |     5 ||     9
   Stab: Sleeping          |       |     1 |     6 |     7 |       ||    14
         Paralysed         |       |       |    14 |    22 |       ||    36
         Invisible         |       |       |     2 |     3 |     2 ||     7
         Distracted        |       |       |       |     2 |       ||     2
 Armour: Leather armour    |     8 |       |       |       |       ||     8
         Ring mail         |    23 |    60 |   324 |   494 |   164 ||  1065
  Dodge: Dodged            |    30 |    37 |   184 |   276 |    63 ||   590

Table legend: (Time is in decaauts)
 A = Elapsed time spent in this place.
 B = Non-inter-level travel time spent in this place.
 C = Inter-level travel time spent in this place.
 D = Time resting spent in this place.
 E = Time spent auto-exploring this place.
 F = Levels seen in this place.
 G = Mean time per level.
                   A        B        C        D        E       F      G
               +--------+--------+--------+--------+--------+-----+--------+
         Total |  18953 |  17947 |   1006 |   1580 |  12587 |  18 | 1052.9 |
       Dungeon |  12850 |  11959 |    891 |    796 |   8792 |  11 | 1168.2 |
        Temple |     73 |     50 |     23 |      0 |     24 |   1 |   73.0 |
          Lair |   2679 |   2598 |     81 |    284 |   1896 |   2 | 1339.5 |
  Orcish Mines |   2248 |   2238 |     10 |    500 |   1200 |   2 | 1124.0 |
         Sewer |    484 |    484 |      0 |      0 |    207 |   1 |  484.0 |
        Bailey |    616 |    616 |      0 |      0 |    467 |   1 |  616.0 |
               +--------+--------+--------+--------+--------+-----+--------+

Top non-repeatable levels by time:
    D:11: 2260 daAuts
     D:6: 1728 daAuts
     D:5: 1478 daAuts
   Orc:2: 1451 daAuts
  Lair:1: 1384 daAuts
     D:8: 1300 daAuts
  Lair:2: 1294 daAuts
    D:10: 1231 daAuts
     D:7: 1231 daAuts
     D:4: 961 daAuts
     D:9: 953 daAuts
   Orc:1: 797 daAuts
     D:2: 739 daAuts
  Bailey: 616 daAuts
     D:1: 582 daAuts
